AoeStats
← renesampaio

Arabia

510157436Analyzed
1v1 RM · 3d ago on Sep 29, 2026· 35m 23s· 2 players
Game mode
Random Map
Map size
Tiny (2 player)
Population
200
Speed
Normal
Resources
Standard
Victory
Conquest
Starting age
Dark Age
Ending age
Imperial Age
RankedLock teamsTeams togetherTeam positionsShared explorationLock speedFull tech treeHidden civsTurbo modeCheats
Victory
Defeat
🇺🇾 Tatars · Uruguay
923
+17
🇧🇷 Goths · Brazil
943
-17
Petrucci!
5:45 Loom
10:36 Feudal Age
11:37 Double-Bit Axe
15:35 Forging
20:07 Castle Age
18:55 Gold Mining
19:21 Stone Mining
19:29 Fletching
20:47 Padded Archer Armor
20:54 Scale Barding Armor
20:50 Horse Collar
31:59 Wheelbarrow
34:47 Scale Barding Armor
renesampaio
2:37 Loom
12:10 Feudal Age
18:03 Double-Bit Axe
21:21 Castle Age
19:49 Gold Mining
19:58 Horse Collar
21:00 Stone Mining
22:37 Wheelbarrow
34:47 Imperial Age
Connection lost

Rejoining the realm…

Still unreachable

The connection could not be restored.

Session expired

The server has moved on; the page needs a fresh start.